 Dungeon Crawl Stone Soup version 0.28-a0-664-gc179e30c89 (webtiles) character file.

Game seed: 13503727029156647868

2098 Woods the Chiller (level 9, -3/65 HPs)
             Began as a Gnoll Ice Elementalist on Oct 17, 2021.
             Slain by Duvessa (13 damage)
             ... on level 7 of the Dungeon.
             The game lasted 00:24:32 (8064 turns).

Woods the Chiller (Gnoll Ice Elementalist)          Turns: 8064, Time: 00:24:33

Health: -3/65      AC:  3    Str:  8    XL:     9   Next: 28%
Magic:  20/27      EV: 14    Int: 18    God:
Gold:   449        SH:  0    Dex: 12    Spells: 6/21 levels left

rFire   . . .      SeeInvis .   m - staff of conjuration
rCold   . . .      Faith    .   (no shield)
rNeg    . . .      Spirit   .   a - +0 robe
rPois   +          Reflect  .   (no helmet)
rElec   .          Harm     .   k - +0 cloak
rCorr   .          Rampage  .   (no gloves)
Will    .....                   (no boots)
Stlth   +++.......              (no amulet)
HPRegen 0.20/turn               t - ring of magical power
MPRegen 0.20/turn               w - ring of poison resistance

@: no status effects
A: fangs 1, strong nose, distributed training
a: no special abilities


You were on level 7 of the Dungeon.
You visited 2 branches of the dungeon, and saw 8 of its levels.

You collected 449 gold pieces.

Inventory:

Armour
 a - a +0 robe (worn)
 k - a +0 cloak (worn)
 B - a scarf of harm
Magical Staves
 m - a staff of conjuration (weapon)
Jewellery
 b - a ring of fire
 t - a ring of magical power (left hand)
 w - a ring of poison resistance (right hand)
Wands
 f - a wand of mindburst (6)
 j - a wand of paralysis (11)
Scrolls
 c - a scroll of noise
 i - a scroll of magic mapping
 l - a scroll of holy word
 n - a scroll of identify
 o - a scroll of fear {unknown}
 r - a scroll of brand weapon {unknown}
 s - 2 scrolls of amnesia
 u - 2 scrolls of fog
 v - a scroll of teleportation {unknown}
 y - a scroll of enchant weapon {unknown}
 A - a scroll of immolation {unknown}
Potions
 d - 2 potions of flight
 e - a potion of resistance {unknown}
 g - 2 potions of brilliance
 h - a potion of mutation {unknown}
 p - 2 potions of curing {unknown}
 q - 2 potions of berserk rage {unknown}
 x - a potion of heal wounds {unknown}
 z - 2 potions of lignification {unknown}


   Skills:
 + Level 4.1 Fighting
 + Level 4.1 Short Blades
 + Level 4.1 Long Blades
 + Level 4.1 Axes
 + Level 4.1 Maces & Flails
 + Level 4.1 Polearms
 + Level 4.1 Staves
 + Level 4.1 Slings
 + Level 4.1 Bows
 + Level 4.1 Crossbows
 + Level 4.1 Throwing
 + Level 4.1 Armour
 + Level 6.2 Dodging
 + Level 5.9 Stealth
 + Level 4.1 Shields
 + Level 4.1 Unarmed Combat
 + Level 6.5 Spellcasting
 + Level 3.3 Conjurations
 + Level 3.3 Hexes
 + Level 3.3 Summonings
 + Level 3.3 Necromancy
 + Level 3.3 Translocations
 + Level 3.3 Transmutations
 + Level 3.3 Fire Magic
 + Level 7.9 Ice Magic
 + Level 3.3 Air Magic
 + Level 3.3 Earth Magic
 + Level 3.3 Poison Magic
 + Level 4.5 Invocations
 + Level 4.1 Evocations


You had 6 spell levels left.
You knew the following spells:

 Your Spells              Type           Power      Damage    Failure   Level
a - Freeze                Ice            100%       1d11      1%          1
b - Frozen Ramparts       Ice            68%        1d8       1%          3
c - Ozocubu's Armour      Ice            34%        N/A       1%          3
d - Hailstorm             Conj/Ice       39%        3d9       11%         4
e - Dispel Undead         Necr           18%        3d11      28%         4

Your spell library contained the following spells:

 Spells                   Type           Power      Damage    Failure   Level
 Shock                    Conj/Air       100%       1d9       2%          1
 Static Discharge         Conj/Air       27%        N/A       4%          2
 Swiftness                Air            18%        N/A       9%          3
 Airstrike                Air            9%         N/A       28%         4
 Sticky Flame             Conj/Fire      27%        2d5       28%         4
 Fireball                 Conj/Fire      13%        3d7       61%         5
 Iskenderun's Battlesphe  Conj           27%        2d8       61%         5
 Lightning Bolt           Conj/Air       13%        1d27      61%         5
 Conjure Ball Lightning   Conj/Air       13%        3x3d6     99%         6
 Orb of Destruction       Conj           13%        9d6       100%        7
 Maxwell's Capacitive Co  Air            9%         ∞         100%        8


Dungeon Overview and Level Annotations

Branches:
Dungeon (7/15)             Temple (1/1) D:6

Altars:
Cheibriados
Dithmenos
Fedhas
Hepliaklqana
Kikubaaqudgha
Nemelex Xobeh
Okawaru
Qazlal
Ru
Sif Muna
Uskayaw
Vehumet
Jiyva

Annotations:
D:3 2 transporters
D:7 Duvessa


Innate Abilities, Weirdness & Mutations

You have very sharp teeth.
Your uncanny sense of smell can sniff out nearby items.
Your experience applies equally to all skills.


Message History

The hail pelts the orc!!
You kill the orc!
The hail pelts the orc!
You kill the orc!
The hail pelts the orc warrior!
The orc warrior is severely wounded.
The hail pelts Duvessa!
Duvessa is heavily wounded.
The hail pelts Dowan!
Dowan is heavily wounded.
Dowan gestures at you while chanting. The puff of flame hits you!
The orc hits you with a +0 mace.
Casting: Hailstorm (dangerous; 12% risk of failure)
Confirm with . or Enter, or press ? or * to list all spells.
Casting: Hailstorm (dangerous; 12% risk of failure)
Press: ? - help, Dir - look around, f - activate You feel a surge of power!
A cannonade of hail descends around you!
The hail pelts Duvessa!
Duvessa is severely wounded.
The hail pelts the orc warrior!!
You kill the orc warrior!
The hail pelts Dowan!!
You kill Dowan!
Duvessa weeps, then rights herself and shakes her weapon.
Duvessa goes berserk!
Duvessa rages.
The orc barely misses you. Duvessa hits you with a +3 short sword!
Aiming: Freeze (safe; 1% risk of failure)
Press: ? - help, Q - select action, (/) - cycle Shift-Dir - straight line, f - orc
Aim: an orc, wielding a +0 mace
Okay, then.
Duvessa hits you with a +3 short sword! Duvessa hits you with a +3 short sword!
* * * LOW HITPOINT WARNING * * *
Aiming: Paralyse
Press: ? - help, Shift-Dir - straight line, f - Duvessa
Aim: Duvessa, wielding a +3 short sword and wearing a +0 leather armour (severely wounded, berserk, chance to affect: 40%) Duvessa resists with some effort.
Duvessa hits you with a +3 short sword!
You die...

#.####### # #.......#
##.#.......#
#............+
#.##.##......#####
..#..............
...........## .
#...#..#...#########..
#...#.....@e.....)....
#...#.##.##o........#
#....##.##.........##
#.#####.##.....)....#
#.#..##.##.....)....#
#.#..##..+..........#
#)#..#####..........#
#.#..# #..........#
#.#..# ......####.#


You could see Duvessa (berserk) and an orc.

Vanquished Creatures
  Pikel (D:7)
  A sky beast (D:7)
  A hornet zombie (D:6)
  An orc warrior (D:7)
  A necrophage (D:6)
  2 ogres
  A centaur (D:7)
  2 lemures (D:7)
  A bullfrog (D:6)
  A scorpion (D:4)
  Dowan (D:7)
  2 water moccasin skeletons
  A bullfrog zombie (D:5)
  A howler monkey (D:7)
  A jelly (D:5)
  3 orc priests (D:4)
  A bullfrog skeleton (D:6)
  3 hounds
  Jessica (D:2)
  A centaur skeleton (D:4)
  Terence (D:2)
  5 orc wizards
  A hound zombie (D:5)
  2 hound skeletons (D:5)
  Robin (D:3)
  10 adders
  4 gnolls (D:3)
  A white imp (D:6)
  An adder skeleton (D:5)
  A worm (D:2)
  5 dart slugs
  9 orcs
  3 bats (D:1)
  6 endoplasms
  10 giant cockroaches
  8 goblins
  5 hobgoblins
  7 jackals
  10 kobolds
  A quokka (D:3)
  4 ball pythons
  2 frilled lizards (D:1)
  3 rats
127 creatures vanquished.

Vanquished Creatures (others)
  3 fungi (D:1)
  8 plants
11 creatures vanquished.

Grand Total: 138 creatures vanquished

Notes
Turn   | Place    | Note
-------+----------+-------------------------------------------
     0 | D:1      | Woods the Gnoll Ice Elementalist began the quest for the
                  | Orb.
     0 | D:1      | Reached XP level 1. HP: 13/13 MP: 6/6
    38 | D:1      | Reached XP level 2. HP: 13/19 MP: 0/7
   416 | D:1      | Found a faded altar of an unknown god.
   456 | D:1      | Reached XP level 3. HP: 25/25 MP: 7/9
   460 | D:1      | Learned a level 3 spell: Frozen Ramparts
   464 | D:1      | Learned a level 3 spell: Ozocubu's Armour
   491 | D:1      | Reached skill level 5 in Spellcasting
   921 | D:2      | Noticed Terence
   933 | D:2      | Killed Terence
   934 | D:2      | Reached skill level 1 in Fighting
   934 | D:2      | Reached skill level 1 in Short Blades
   934 | D:2      | Reached skill level 1 in Long Blades
   934 | D:2      | Reached skill level 1 in Axes
   934 | D:2      | Reached skill level 1 in Maces & Flails
   934 | D:2      | Reached skill level 1 in Polearms
   934 | D:2      | Reached skill level 1 in Staves
   934 | D:2      | Reached skill level 1 in Slings
   934 | D:2      | Reached skill level 1 in Bows
   934 | D:2      | Reached skill level 1 in Crossbows
   934 | D:2      | Reached skill level 1 in Throwing
   934 | D:2      | Reached skill level 1 in Armour
   934 | D:2      | Reached skill level 1 in Shields
   934 | D:2      | Reached skill level 1 in Unarmed Combat
   934 | D:2      | Reached skill level 1 in Invocations
   934 | D:2      | Reached skill level 1 in Evocations
   934 | D:2      | Reached XP level 4. HP: 25/32 MP: 3/11
   939 | D:2      | Learned a level 4 spell: Hailstorm
  1493 | D:2      | Noticed Jessica
  1496 | D:2      | Killed Jessica
  1497 | D:2      | Reached skill level 1 in Conjurations
  1497 | D:2      | Reached skill level 1 in Hexes
  1497 | D:2      | Reached skill level 1 in Summonings
  1497 | D:2      | Reached skill level 1 in Necromancy
  1497 | D:2      | Reached skill level 1 in Translocations
  1497 | D:2      | Reached skill level 1 in Transmutations
  1497 | D:2      | Reached skill level 1 in Fire Magic
  1497 | D:2      | Reached skill level 1 in Air Magic
  1497 | D:2      | Reached skill level 1 in Earth Magic
  1497 | D:2      | Reached skill level 1 in Poison Magic
  2129 | D:3      | Reached XP level 5. HP: 37/37 MP: 7/12
  2147 | D:3      | HP: 1/37 [gnoll (4)]
  2901 | D:3      | Identified the +6 scale mail of Orux {rF- rN++ Int+6}
  2935 | D:3      | Found a transporter.
  2940 | D:3      | Found a transporter.
  3192 | D:3      | Noticed Robin
  3201 | D:3      | Killed Robin
  3504 | D:4      | Noticed an ogre
  3600 | D:4      | Reached XP level 6. HP: 43/44 MP: 6/13
  3927 | D:4      | Reached skill level 5 in Dodging
  4374 | D:4      | Reached XP level 7. HP: 38/50 MP: 6/15
  4796 | D:4      | Reached skill level 5 in Stealth
  5052 | D:5      | Entered Level 5 of the Dungeon
  5331 | D:5      | Reached XP level 8. HP: 55/57 MP: 16/16
  5786 | D:5      | Found a sacrificial altar of Ru.
  5857 | D:5      | Found an ancient bone altar of Kikubaaqudgha.
  6246 | D:6      | Found a shimmering blue altar of Sif Muna.
  6741 | D:6      | Found a staircase to the Ecumenical Temple.
  6756 | Temple   | Entered the Ecumenical Temple
  7606 | D:7      | Noticed Duvessa
  7608 | D:7      | Noticed Dowan
  7946 | D:7      | Learned a level 4 spell: Dispel Undead
  7952 | D:7      | Noticed Pikel
  7966 | D:7      | Killed Pikel
  7967 | D:7      | Reached XP level 9. HP: 50/65 MP: 18/18
  8059 | D:7      | Killed Dowan
  8064 | D:7      | Slain by Duvessa

Illustrated notes

Levels and vault maps discovered:
D:1:      dpeg_arrival_shrine, layout_rooms, dreamdust_ecumenical_altar_grove
D:2:      layout_basic, uniq_terence, uniq_jessica
D:3:      layout_loops_ring, portal_sewer_entry_f,
          gammafunk_ghost_gnarly_gnolls, uniq_robin
D:4:      layout_rooms, kennysheep_generic_room_13
D:5:      layout_rooms, hangedman_ru_absence, mainiacjoe_overflow_24_doors
D:6:      layout_cave_pools, lemuel_doored_altar, minmay_temple_entry_offerings
D:7:      layout_basic, minitemple, uniq_duvessa, uniq_crazy_yiuf_cottage,
          uniq_pikel
Temple:   pf_slime_end_temple

Skill      XL: |  1  2  3  4  5  6  7  8 |
---------------+-------------------------+-----
Spellcasting   | 5 6 |  6.5
Fighting       | 1 2 4 |  4.1
Short Blades   | 1 2 4 |  4.1
Long Blades    | 1 2 4 |  4.1
Axes           | 1 2 4 |  4.1
Maces & Flails | 1 2 4 |  4.1
Polearms       | 1 2 4 |  4.1
Staves         | 1 2 4 |  4.1
Slings         | 1 2 4 |  4.1
Bows           | 1 2 4 |  4.1
Crossbows      | 1 2 4 |  4.1
Throwing       | 1 2 4 |  4.1
Armour         | 1 2 4 |  4.1
Shields        | 1 2 4 |  4.1
Unarmed Combat | 1 2 4 |  4.1
Invocations    | 1 2 3 4 |  4.5
Evocations     | 1 2 4 |  4.1
Conjurations   | 1 2 3 |  3.3
Hexes          | 1 2 3 |  3.3
Summonings     | 1 2 3 |  3.3
Necromancy     | 1 2 3 |  3.3
Translocations | 1 2 3 |  3.3
Transmutations | 1 2 3 |  3.3
Fire Magic     | 1 2 3 |  3.3
Air Magic      | 1 2 3 |  3.3
Earth Magic    | 1 2 3 |  3.3
Poison Magic   | 1 2 3 |  3.3
Dodging        | 5 6 |  6.2
Stealth        | 5 |  5.9
Ice Magic      | |  7.9

Action                   |  1- 3 |  4- 6 |  7- 9 || total
-------------------------+-------+-------+-------++-------
Melee: Unarmed           |     9 |       |       ||     9
       Staff             |       |    27 |   158 ||   185
       Bite              |       |     2 |    19 ||    21
       Punch             |       |       |     4 ||     4
 Cast: Freeze            |    43 |    47 |    47 ||   137
       Ozocubu's Armour  |     1 |     8 |    12 ||    21
       Frozen Ramparts   |       |    14 |    13 ||    27
       Hailstorm         |       |       |     8 ||     8
Evoke: Wand              |       |     4 |     1 ||     5
  Use: Scroll            |       |       |    11 ||    11
Armor: Robe              |     7 |    30 |    71 ||   108
Dodge: Dodged            |    30 |    40 |   161 ||   231

Table legend: (Time is in decaauts)
 A = Elapsed time spent in this place.
 B = Non-inter-level travel time spent in this place.
 C = Inter-level travel time spent in this place.
 D = Time resting spent in this place.
 E = Time spent auto-exploring this place.
 F = Levels seen in this place.
 G = Mean time per level.
                   A        B        C        D        E       F      G
               +--------+--------+--------+--------+--------+-----+--------+
         Total |   8088 |   7781 |    307 |   2422 |   3636 |   8 | 1011.0 |
       Dungeon |   7940 |   7648 |    292 |   2422 |   3564 |   7 | 1134.3 |
        Temple |    147 |    132 |     15 |      0 |     72 |   1 |  147.0 |
               +--------+--------+--------+--------+--------+-----+--------+

Top non-repeatable levels by time:
     D:2: 1684 daAuts
     D:6: 1427 daAuts
     D:3: 1269 daAuts
     D:5: 1234 daAuts
     D:4: 1198 daAuts
     D:1: 914 daAuts
     D:7: 211 daAuts
  Temple: 147 daAuts
